 Dungeon Crawl Stone Soup version 0.31.0-9-g3a7656b989 (webtiles) character file.

Game seed: 6357952302180286922

25517 qw the Markself (level 12, -5/77 HPs)
             Began as a Deep Elf Hunter on Feb 2, 2024.
             Was a High Priest of Okawaru.
             Slain by a komodo dragon (9 damage)
             ... on level 4 of the Lair of Beasts.
             The game lasted 00:01:25 (11857 turns).

qw the Markself (Deep Elf Hunter)                  Turns: 11857, Time: 00:01:26

Health: -5/77      AC: 15    Str: 15    XL:     12   Next: 90%
Magic:  23/23      EV: 17    Int: 19    God:    Okawaru [*****.]
Gold:   748        SH:  0    Dex: 16    Spells: 11/11 levels left

rFire   + . .        i - +4 orcbow (flame)
rCold   + . .        (shield currently unavailable)
rNeg    . . .        n - +4 ring mail {rF+}
rPois   +            C - +0 helmet
rElec   .            h - +0 cloak
rCorr   .            B - +0 pair of gloves
SInv    .            (no boots)
Will    +....        (no amulet)
Stlth   +            a - ring of poison resistance
HPRegen 0.32/turn    t - ring of protection from cold
MPRegen 0.18/turn

%: no passive effects
@: about to teleport, finesse-ful, frozen, very slow
A: iridescent scales 1, clever 1, high MP 1, strong 1
a: Renounce Religion, Heroism, Finesse, Duel


You were on level 4 of the Lair of Beasts.
You worshipped Okawaru.
Okawaru was extremely pleased with you.
You visited 3 branches of the dungeon, and saw 14 of its levels.

You collected 766 gold pieces.
You spent 18 gold pieces at shops.


Innate Abilities, Weirdness & Mutations

You are partially covered in iridescent scales. (AC +2)
Your mind is acute. (Int +4, Str/Dex -1)
You have an increased reservoir of magic. (+10% MP)
Your muscles are strong. (Str +4, Int/Dex -1)


   Skills:
 + Level 9.7 Fighting
 - Level 16.0 Ranged Weapons
 - Level 5.0 Armour
 - Level 12.1 Dodging
 - Level 1.2 Stealth
 - Level 10.1 Invocations


You had 11 spell levels left.
You didn't know any spells.
Your spell library was empty.

Inventory:

Hand Weapons
 i - a +4 orcbow of flaming (weapon)
Armour
 h - a +0 cloak (worn)
 n - a +4 ring mail of fire resistance (worn)
 z - +0 swamp dragon scales
 B - a +0 pair of gloves (worn)
 C - a +0 helmet (worn)
Jewellery
 a - a ring of poison resistance (left hand)
 c - a ring of poison resistance
 j - a ring of ice
 k - a ring of resist corrosion
 p - a ring of positive energy
 t - a ring of protection from cold (right hand)
 Y - a ring of resist corrosion
Wands
 b - a wand of iceblast (21)
 g - a wand of light (5)
 m - a wand of polymorph (1)
 o - a wand of digging (11)
Scrolls
 v - a scroll of teleportation
Potions
 d - a potion of haste
 e - a potion of resistance
 f - 3 potions of mutation
 l - 3 potions of curing
 q - 2 potions of enlightenment
 r - a potion of cancellation
 s - 2 potions of might
 u - 2 potions of magic

Dungeon Overview and Level Annotations

Branches:
Dungeon (9/15)             Temple (1/1) D:4            Lair (4/5) D:9
  Swamp (0/4) Lair:2       Spider (0/4) Lair:2
  Slime: Lair:4-5       Orc: D:9-12

Altars:
Ashenzari
Cheibriados
Elyvilon
Fedhas
Gozag
Hepliaklqana
Kikubaaqudgha
Makhleb
Nemelex Xobeh
Okawaru
Qazlal
Ru
Sif Muna
Trog
Uskayaw
Vehumet
Wu Jian
Xom
Yredelemnul
Zin
The Shining One

Shops:
D:1 *([(*   D:7 [

Annotations:
D:6 1 runed translucent door, Crazy Yiuf
D:8 3 runed translucent doors, qw's ghost, novice DjHu
Lair:2 2 runed translucent doors, qw's ghost, journeyman DjHu


Message History

Found a scroll of vulnerability, a robe and a scroll of fog.
The rime drake hisses angrily.
Enter note:
Enter note:
11850 ||| READING 2 scrolls of teleportation.
As you read the scroll of teleportation, it crumbles to dust.
You feel strangely unstable.
A rime drake comes into view.
The rime drake breathes ice at you. The icy flash freeze misses you.
You shoot an arrow. The rime drake hisses angrily.
The arrow hits the komodo dragon!
The arrow burns the komodo dragon.
The komodo dragon is moderately wounded.
The rime drake breathes ice at you. The icy flash freeze hits you!
You partially resist.
You are encased in ice.
You hear a croak.
You shoot an arrow. The arrow hits the komodo dragon.
The arrow burns the komodo dragon.
The komodo dragon is heavily wounded.
You hear a loud, deep croak!
A blink frog comes into view.
You shoot an arrow.
The arrow hits the komodo dragon but does no damage.
The komodo dragon is moderately wounded.
You shoot an arrow. The arrow hits the komodo dragon!!
The arrow burns the komodo dragon.
The komodo dragon is almost dead.
You shoot an arrow.
The arrow closely misses the komodo dragon.
The arrow closely misses the blink frog.
You shoot an arrow.
The arrow barely misses the komodo dragon.
The arrow completely misses the blink frog.
You shoot an arrow.
The arrow hits the komodo dragon but does no damage.
The komodo dragon is almost dead.
The komodo dragon bites you!
You die...

...............
...............
........?......
...........F...
...............
...............
........l......
.......@.......
.....?.........
...............
..........k[...
.......k.......
...............
...............
...............


You could see a komodo dragon, a blink frog and 2 rime drakes.

Vanquished Creatures
  Kirke (Lair:3)
  5 death yaks (Lair:4)
  Nergalle (Lair:2)
  A skyshark (Lair:2)
  A swamp dragon (Lair:2)
  An orb spider (Lair:2)
  2 lindwurms (Lair:3)
  Maurice (D:9)
  An elephant (D:9)
  Maggie (D:6)
  12 cane toads
  2 rime drakes
  6 komodo dragons
  A troll (D:9)
  A polar bear (Lair:2)
  A hornet (D:7)
  3 blink frogs (Lair:1)
  4 dream sheep (Lair:3)
  Sigmund (D:6)
  2 wyverns
  2 humans (Lair:3)
  A hog (Lair:3)
  2 basilisks (Lair:1)
  2 steam dragons
  23 yaks
  Duvessa (D:4)
  14 water moccasins
  2 ice beasts
  2 sky beasts (D:7)
  3 ogres (D:6)
  17 wolves
  2 centaurs (D:9)
  2 phantoms (D:6)
  2 kobold brigands
  9 bullfrogs
  A gnoll sergeant (D:7)
  3 scorpions
  Dowan (D:4)
  5 killer bees (D:7)
  7 bombardier beetles
  2 hounds (D:5)
  3 orc priests
  A gnoll bouda (D:9)
  5 orc wizards
  A sleepcap (D:7)
  23 gnolls
  3 adders
  2 shadow imps
  4 ufetubi
  2 dart slugs
  A ribbon worm (D:3)
  28 orcs
  3 ball pythons
  7 endoplasms
  2 giant cockroaches
  4 goblins
  2 hobgoblins (D:2)
  6 jackals (D:2)
  3 quokkas
  4 bats
  A frilled lizard (D:2)
  16 kobolds
  4 rats
  A butterfly (Lair:1)
277 creatures vanquished.

Vanquished Creatures (others)
  A yak (Lair:2)
1 creature vanquished.

Grand Total: 278 creatures vanquished

Notes
Turn   | Place    | Note
-------+----------+-------------------------------------------
     0 | D:1      | qw the Deep Elf Hunter began the quest for the Orb.
     0 | D:1      | Reached XP level 1. HP: 12/12 MP: 3/3
     0 | D:1      | 0 ||| qw: Version: 0.3-a-155-g5e7d8dd
     0 | D:1      | 0 ||| qw: Game counter: 1567
     0 | D:1      | 0 ||| qw: Melee chars always use a shield: true
     0 | D:1      | 0 ||| qw: God list: Okawaru
     0 | D:1      | 0 ||| qw: Allow faded altars: false
     0 | D:1      | 0 ||| qw: Do Orc after clearing Dungeon:15 true
     0 | D:1      | 0 ||| qw: Do second Lair branch before Depths: true
     0 | D:1      | 0 ||| qw: Lair rune preference: random
     0 | D:1      | 0 ||| qw: Goals: Normal
     0 | D:1      | 0 ||| PLANNING D:1-11
     9 | D:1      | Found Yschi's Antique Weapon Boutique.
    60 | D:1      | Found Inoach's Assorted Antiques.
    67 | D:1      | 67 ||| SHOPLISTING ivory ring (105 gold, have 32).
    67 | D:1      | 67 ||| BUYING lumpy emerald potion (18 gold).
    67 | D:1      | Bought a lumpy emerald potion for 18 gold pieces
    67 | D:1      | 67 ||| SHOPLISTING scroll labelled IWU SESULU (21 gold,
                  | have 14).
    67 | D:1      | 67 ||| SHOPLISTING scroll labelled KOINEG QIOPOBB (21 gold,
                  | have 14).
    67 | D:1      | 67 ||| SHOPLISTING scroll labelled LAPAMOI YRHAI (21 gold,
                  | have 14).
    67 | D:1      | 67 ||| SHOPLISTING scroll labelled UHARPH DARIKLA (21 gold,
                  | have 14).
   134 | D:1      | Found Tyovagy's Armour Emporium.
   141 | D:1      | 141 ||| SHOPLISTING +0 pair of boots of rampaging (126
                  | gold, have 26).
   141 | D:1      | 141 ||| SHOPLISTING +0 pair of gloves (49 gold, have 26).
   141 | D:1      | 141 ||| SHOPLISTING +0 ring mail (44 gold, have 26).
   141 | D:1      | 141 ||| SHOPLISTING +1 helmet of intelligence (181 gold,
                  | have 26).
   141 | D:1      | 141 ||| SHOPLISTING +1 leather armour of poison resistance
                  | (121 gold, have 26).
   261 | D:1      | Found Suvif's General Store.
   289 | D:1      | 289 ||| SHOPLISTING +1 ring mail of cold resistance (192
                  | gold, have 35).
   289 | D:1      | 289 ||| SHOPLISTING scarf of repulsion (144 gold, have 35).
   289 | D:1      | 289 ||| SHOPLISTING scroll of teleportation (36 gold, have
                  | 35).
   305 | D:1      | Found Ybigeanoecw's Weapon Boutique.
   672 | D:1      | 672 ||| UPGRADING to +0 ring mail.
   682 | D:1      | 682 ||| DROPPING +0 leather armour.
   683 | D:1      | 683 ||| UPGRADING to ring of positive energy.
   684 | D:1      | 684 ||| READING scroll labelled LOFONL CIROBOW.
   684 | D:1      | 684 ||| BRANDING +0 shortbow.
   685 | D:1      | 685 ||| READING scroll labelled UHARPH DARIKLA.
   686 | D:1      | 686 ||| DRINKING 2 silvery potions.
   686 | D:1      | Gained mutation: You have an increased reservoir of magic.
                  | (+10% MP) [potion of mutation]
   686 | D:1      | Gained mutation: Your mind is acute. (Int +4, Str/Dex -1)
                  | [potion of mutation]
   686 | D:1      | Gained mutation: You are partially covered in iridescent
                  | scales. (AC +2) [potion of mutation]
   686 | D:1      | Gained mutation: Your muscles are strong. (Str +4, Int/Dex
                  | -1) [potion of mutation]
   687 | D:1      | 687 ||| DROPPING scroll of butterflies.
   737 | D:2      | Reached XP level 2. HP: 16/16 MP: 4/4
   744 | D:2      | Identified the +2 short sword of a wizard's laboratory
                  | {flame, rN+}
   801 | D:2      | Reached skill level 6 in Ranged Weapons
   909 | D:2      | Identified the +6 sling "Zemung" {freeze, Dex+6}
   911 | D:2      | 911 ||| SWAPPING to +6 sling "Zemung" {freeze, Dex+6}.
   912 | D:2      | 912 ||| DROPPING +0 shortbow of freezing.
   978 | D:2      | Found a basalt altar of Yredelemnul.
  1172 | D:2      | 1172 ||| UPGRADING to +2 ring mail of fire resistance.
  1182 | D:2      | 1182 ||| DROPPING +0 ring mail.
  1183 | D:2      | 1183 ||| READING 2 scrolls labelled KOINEG QIOPOBB.
  1183 | D:2      | 1183 ||| IDENTIFYING gluggy clear potion
  1184 | D:2      | 1184 ||| READING scroll of identify.
  1184 | D:2      | 1184 ||| IDENTIFYING lumpy golden potion
  1185 | D:2      | 1185 ||| READING scroll labelled LOTAS WUSTU.
  1185 | D:2      | 1185 ||| ENCHANTING +2 ring mail of fire resistance.
  1186 | D:2      | 1186 ||| READING scroll labelled MESEUXUWOLY.
  1187 | D:2      | 1187 ||| READING 5 scrolls labelled YHEAREQ DARO.
  1288 | D:2      | 1288 ||| DROPPING potion of attraction.
  1289 | D:2      | 1289 ||| DROPPING potion of ambrosia.
  1290 | D:2      | 1290 ||| DROPPING 4 scrolls of vulnerability.
  1324 | D:3      | Reached XP level 3. HP: 20/20 MP: 5/5
  1380 | D:3      | Reached skill level 7 in Ranged Weapons
  1390 | D:3      | Found a sacrificial altar of Ru.
  1398 | D:3      | Reached XP level 4. HP: 25/25 MP: 6/6
  2248 | D:3      | Reached skill level 8 in Ranged Weapons
  2533 | D:3      | 2533 ||| DRINKING 2 golden potions.
  2589 | D:4      | Found an ornate altar of the Wu Jian Council.
  2718 | D:4      | Reached skill level 3 in Dodging
  2797 | D:4      | Found a staircase to the Ecumenical Temple.
  2798 | D:4      | 2798 ||| PLANNING TEMPLE
  2801 | D:4      | Reached XP level 5. HP: 29/29 MP: 7/7
  2801 | D:4      | 2801 ||| READING scroll labelled BAG AC DIALAUNG.
  2873 | D:4      | Noticed Duvessa
  2874 | D:4      | 2874 ||| DRINKING potion of haste.
  2876 | D:4      | Noticed Dowan
  2879 | D:4      | Killed Duvessa
  2880 | D:4      | Reached skill level 9 in Ranged Weapons
  2882 | Temple   | Entered the Ecumenical Temple
  2883 | Temple   | 2883 ||| PLANNING OKAWARU WORSHIP
  2912 | Temple   | Became a worshipper of Warmaster Okawaru
  2913 | Temple   | 2913 ||| PLANNING D:1-11
  2943 | D:4      | 2943 ||| ZAPPING wand of iceblast (8) at -1,2 (Dowan;
                  | floor).
  2944 | D:4      | 2944 ||| ZAPPING wand of iceblast (7) at -1,2 (Dowan;
                  | floor).
  2945 | D:4      | Killed Dowan
  2946 | D:4      | Reached XP level 6. HP: 34/35 MP: 8/8
  3479 | D:4      | 3479 ||| READING scroll labelled SIQIEW IKEETS.
  3541 | D:5      | Entered Level 5 of the Dungeon
  3639 | D:5      | Reached skill level 10 in Ranged Weapons
  3758 | D:5      | 3758 ||| READING scroll of enchant armour.
  3758 | D:5      | 3758 ||| ENCHANTING +3 ring mail of fire resistance.
  3824 | D:5      | Reached XP level 7. HP: 40/40 MP: 9/9
  3931 | D:5      | 3931 ||| FLEEEEING.
  3932 | D:5      | 3932 ||| FLEEEEING.
  3933 | D:5      | 3933 ||| FLEEEEING.
  3934 | D:5      | 3934 ||| FLEEEEING.
  3935 | D:5      | 3935 ||| FLEEEEING.
  3936 | D:5      | 3936 ||| FLEEEEING.
  3937 | D:5      | 3937 ||| FLEEEEING.
  3939 | D:5      | 3939 ||| FLEEEEING.
  3940 | D:5      | 3940 ||| FLEEEEING.
  3941 | D:5      | 3941 ||| FLEEEEING.
  3942 | D:5      | 3942 ||| FLEEEEING.
  3943 | D:5      | 3943 ||| FLEEEEING.
  3944 | D:5      | 3944 ||| FLEEEEING.
  3945 | D:5      | 3945 ||| FLEEEEING.
  3946 | D:5      | 3946 ||| FLEEEEING.
  3947 | D:5      | 3947 ||| FLEEEEING.
  3948 | D:5      | 3948 ||| FLEEEEING.
  3949 | D:5      | 3949 ||| FLEEEEING.
  3950 | D:5      | 3950 ||| FLEEEEING.
  3951 | D:5      | 3951 ||| FLEEEEING.
  3952 | D:5      | 3952 ||| FLEEEEING.
  3953 | D:5      | 3953 ||| FLEEEEING.
  3954 | D:5      | 3954 ||| FLEEEEING.
  3955 | D:5      | 3955 ||| FLEEEEING.
  3956 | D:5      | 3956 ||| FLEEEEING.
  3957 | D:5      | 3957 ||| FLEEEEING.
  3958 | D:5      | 3958 ||| FLEEEEING.
  3959 | D:5      | 3959 ||| FLEEEEING.
  3960 | D:5      | 3960 ||| FLEEEEING.
  3961 | D:5      | 3961 ||| FLEEEEING.
  3962 | D:5      | 3962 ||| FLEEEEING.
  3963 | D:5      | 3963 ||| FLEEEEING.
  3964 | D:5      | 3964 ||| FLEEEEING.
  4245 | D:5      | Reached * piety under Okawaru
  4329 | D:5      | 4329 ||| READING scroll of identify.
  4329 | D:5      | 4329 ||| IDENTIFYING green potion
  4330 | D:5      | 4330 ||| DRINKING 2 red potions.
  4331 | D:5      | 4331 ||| DROPPING potion of brilliance.
  4379 | D:6      | Reached skill level 11 in Ranged Weapons
  4379 | D:6      | Reached skill level 1 in Invocations
  4540 | D:6      | Noticed Maggie
  4541 | D:6      | 4541 ||| INVOKING Heroism.
  4551 | D:6      | Killed Maggie
  4551 | D:6      | Reached ** piety under Okawaru
  4552 | D:6      | Reached skill level 3 in Invocations
  4552 | D:6      | Reached XP level 8. HP: 36/44 MP: 11/14
  4596 | D:6      | Reached skill level 12 in Ranged Weapons
  4610 | D:6      | Reached skill level 1 in Armour
  4654 | D:6      | Reached skill level 3 in Fighting
  4666 | D:6      | Noticed Sigmund
  4667 | D:6      | 4667 ||| INVOKING Heroism.
  4672 | D:6      | Killed Sigmund
  4834 | D:6      | Found a runed translucent door.
  4835 | D:6      | Noticed Crazy Yiuf
  5142 | D:6      | 5142 ||| UPGRADING to ring of resist corrosion.
  5143 | D:6      | 5143 ||| READING scroll of identify.
  5143 | D:6      | 5143 ||| IDENTIFYING lumpy emerald potion
  5144 | D:6      | 5144 ||| READING scroll labelled QOM KIDOEHU.
  5145 | D:6      | 5145 ||| READING scroll labelled ROXEMP UHAFY.
  5147 | D:6      | 5147 ||| Stepping ~*~*~tactically~*~*~ (cloud).
  5273 | D:7      | Noticed a hornet
  5274 | D:7      | 5274 ||| INVOKING Heroism.
  5277 | D:7      | Killed a hornet
  5278 | D:7      | Reached skill level 13 in Ranged Weapons
  5278 | D:7      | Reached XP level 9. HP: 51/51 MP: 12/15
  5343 | D:7      | Reached *** piety under Okawaru
  5425 | D:7      | Reached skill level 14 in Ranged Weapons
  5454 | D:7      | 5454 ||| RETREEEEATING.
  5455 | D:7      | 5455 ||| RETREEEEATING.
  5458 | D:7      | Reached skill level 6 in Dodging
  5460 | D:7      | 5460 ||| RETREEEEATING.
  5461 | D:7      | 5461 ||| RETREEEEATING.
  5462 | D:7      | 5462 ||| RETREEEEATING.
  5463 | D:7      | 5463 ||| RETREEEEATING.
  5464 | D:7      | 5464 ||| RETREEEEATING.
  5470 | D:7      | HP: 13/52 [poisoned by a killer bee]
  5471 | D:7      | 5471 ||| READING scroll of teleportation.
  5718 | D:7      | Found Jiaria's Antique Armour Emporium.
  5926 | D:7      | 5926 ||| UPGRADING to ring of poison resistance.
  5928 | D:7      | 5928 ||| READING scroll of identify.
  5928 | D:7      | 5928 ||| IDENTIFYING purple potion
  5929 | D:7      | 5929 ||| READING scroll labelled PEXKYO KITIU.
  6030 | D:7      | 6030 ||| DROPPING potion of berserk rage.
  6048 | D:8      | Found a runed translucent gate.
  6048 | D:8      | Found a runed translucent gate.
  6048 | D:8      | Found a runed translucent gate.
  6112 | D:8      | Found a flagged portal.
  6191 | D:8      | Noticed qw's ghost (novice DjHu)
  6764 | D:8      | 6764 ||| UPGRADING to +0 cloak.
  6769 | D:8      | 6769 ||| READING scroll of identify.
  6769 | D:8      | 6769 ||| IDENTIFYING metallic emerald potion
  6770 | D:8      | 6770 ||| DRINKING 2 white potions.
  6788 | D:9      | Noticed Maurice
  6789 | D:9      | 6789 ||| INVOKING Heroism.
  6797 | D:9      | Killed Maurice
  6797 | D:9      | Reached **** piety under Okawaru
  6798 | D:9      | Reached XP level 10. HP: 59/59 MP: 14/16
  6835 | D:9      | 6835 ||| RETREEEEATING.
  6836 | D:9      | 6836 ||| RETREEEEATING.
  6837 | D:9      | 6837 ||| RETREEEEATING.
  6838 | D:9      | 6838 ||| RETREEEEATING.
  6839 | D:9      | 6839 ||| RETREEEEATING.
  6856 | D:9      | Reached skill level 9 in Dodging
  6927 | D:9      | 6927 ||| SWAPPING to +0 orcbow.
  6928 | D:9      | 6928 ||| DROPPING +6 sling "Zemung" {freeze, Dex+6}.
  6929 | D:9      | 6929 ||| READING 3 scrolls of enchant weapon.
  6929 | D:9      | 6929 ||| ENCHANTING +0 orcbow.
  6930 | D:9      | 6930 ||| READING 2 scrolls of enchant weapon.
  6930 | D:9      | 6930 ||| ENCHANTING +1 orcbow.
  6931 | D:9      | 6931 ||| READING scroll of enchant weapon.
  6931 | D:9      | 6931 ||| ENCHANTING +2 orcbow.
  6992 | D:9      | 6992 ||| READING scroll of enchant weapon.
  6992 | D:9      | 6992 ||| ENCHANTING +3 orcbow.
  7103 | D:9      | Reached ***** piety under Okawaru
  7132 | D:9      | Found a stormy altar of Qazlal.
  7145 | D:9      | Reached skill level 6 in Invocations
  7260 | D:9      | Found a shimmering blue altar of Sif Muna.
  7412 | D:9      | Found a staircase to the Lair.
  7412 | D:9      | Noticed an elephant
  7413 | D:9      | 7413 ||| INVOKING Finesse.
  7430 | D:9      | Killed an elephant
  7637 | D:9      | 7637 ||| PLANNING LAIR
  7637 | D:9      | 7637 ||| UPGRADING to ring of protection from cold.
  7639 | D:9      | 7639 ||| READING 2 scrolls of identify.
  7639 | D:9      | 7639 ||| IDENTIFYING smoky purple potion
  7640 | D:9      | 7640 ||| READING scroll of identify.
  7640 | D:9      | 7640 ||| IDENTIFYING 2 fizzy yellow potions
  7641 | D:9      | 7641 ||| READING scroll labelled LOIPPAE LIEN.
  7651 | Lair:1   | Entered Level 1 of the Lair of Beasts
  7770 | Lair:1   | 7770 ||| RETREEEEATING.
  7771 | Lair:1   | 7771 ||| RETREEEEATING.
  7775 | Lair:1   | 7775 ||| RETREEEEATING.
  7776 | Lair:1   | 7776 ||| RETREEEEATING.
  7781 | Lair:1   | 7781 ||| RETREEEEATING.
  7783 | Lair:1   | 7783 ||| RETREEEEATING.
  7784 | Lair:1   | 7784 ||| RETREEEEATING.
  7785 | Lair:1   | 7785 ||| RETREEEEATING.
  7786 | Lair:1   | 7786 ||| RETREEEEATING.
  7789 | Lair:1   | 7789 ||| RETREEEEATING.
  7790 | Lair:1   | 7790 ||| RETREEEEATING.
  7791 | Lair:1   | 7791 ||| RETREEEEATING.
  7793 | Lair:1   | 7793 ||| RETREEEEATING.
  7794 | Lair:1   | 7794 ||| RETREEEEATING.
  7795 | Lair:1   | 7795 ||| RETREEEEATING.
  7796 | Lair:1   | 7796 ||| RETREEEEATING.
  7797 | Lair:1   | 7797 ||| RETREEEEATING.
  7798 | Lair:1   | 7798 ||| RETREEEEATING.
  7799 | Lair:1   | 7799 ||| RETREEEEATING.
  7800 | Lair:1   | 7800 ||| RETREEEEATING.
  7801 | Lair:1   | 7801 ||| RETREEEEATING.
  7802 | Lair:1   | 7802 ||| RETREEEEATING.
  7809 | Lair:1   | 7809 ||| INVOKING Finesse.
  7812 | Lair:1   | Reached skill level 15 in Ranged Weapons
  7819 | Lair:1   | Received a gift from Okawaru
  7898 | Lair:1   | Noticed a cane toad
  7899 | Lair:1   | 7899 ||| INVOKING Finesse.
  7911 | Lair:1   | Killed a cane toad
  8011 | Lair:1   | 8011 ||| RETREEEEATING.
  8025 | Lair:1   | 8025 ||| RETREEEEATING.
  8033 | Lair:1   | 8033 ||| RETREEEEATING.
  8034 | Lair:1   | 8034 ||| RETREEEEATING.
  8035 | Lair:1   | 8035 ||| RETREEEEATING.
  8047 | Lair:1   | 8047 ||| RETREEEEATING.
  8048 | Lair:1   | 8048 ||| RETREEEEATING.
  8049 | Lair:1   | 8049 ||| RETREEEEATING.
  8049 | Lair:1   | HP: 12/59 [blink frog (7)]
  8049 | Lair:1   | HP: 5/59 [blink frog (7)]
  8050 | Lair:1   | 8050 ||| DRINKING potion of heal wounds.
  8051 | Lair:1   | 8051 ||| RETREEEEATING.
  8062 | Lair:1   | Reached XP level 11. HP: 21/63 MP: 20/20
  8340 | Lair:1   | Reached skill level 16 in Ranged Weapons
  8388 | Lair:1   | Received a gift from Okawaru
  8469 | Lair:1   | 8469 ||| READING scroll of brand weapon.
  8469 | Lair:1   | 8469 ||| BRANDING +4 orcbow.
  8543 | Lair:1   | Reached skill level 9 in Invocations
  9159 | Lair:1   | 9159 ||| READING scroll of identify.
  9159 | Lair:1   | 9159 ||| IDENTIFYING inky potion
  9196 | Lair:2   | Reached skill level 6 in Fighting
  9217 | Lair:2   | Noticed Nergalle
  9218 | Lair:2   | 9218 ||| INVOKING Finesse.
  9241 | Lair:2   | Killed Nergalle
  9345 | Lair:2   | Noticed a skyshark
  9346 | Lair:2   | 9346 ||| INVOKING Finesse.
  9359 | Lair:2   | 9359 ||| INVOKING Heroism.
  9366 | Lair:2   | Killed a skyshark
  9524 | Lair:2   | 9524 ||| RETREEEEATING.
  9548 | Lair:2   | 9548 ||| RETREEEEATING.
  9550 | Lair:2   | 9550 ||| RETREEEEATING.
  9555 | Lair:2   | 9555 ||| RETREEEEATING.
  9572 | Lair:2   | Reached skill level 3 in Armour
  9700 | Lair:2   | 9700 ||| RETREEEEATING.
  9703 | Lair:2   | 9703 ||| RETREEEEATING.
  9704 | Lair:2   | 9704 ||| RETREEEEATING.
  9704 | Lair:2   | Found a staircase to the Swamp.
  9704 | Lair:2   | Noticed a swamp dragon
  9705 | Lair:2   | 9705 ||| RETREEEEATING.
  9706 | Lair:2   | 9706 ||| RETREEEEATING.
  9713 | Lair:2   | 9713 ||| ZAPPING wand of light (9) at 3,-1 (swamp dragon;
                  | shallow_water).
  9715 | Lair:2   | 9715 ||| ZAPPING wand of light (8) at 3,-1 (swamp dragon;
                  | shallow_water).
  9716 | Lair:2   | 9716 ||| ZAPPING wand of light (7) at 3,-1 (swamp dragon;
                  | shallow_water).
  9717 | Lair:2   | 9717 ||| ZAPPING wand of light (6) at 2,-1 (swamp dragon;
                  | shallow_water).
  9718 | Lair:2   | 9718 ||| INVOKING Finesse.
  9721 | Lair:2   | Killed a swamp dragon
  9827 | Lair:2   | 9827 ||| INVOKING Finesse.
  9828 | Lair:2   | 9828 ||| INVOKING Heroism.
  9829 | Lair:2   | Received a gift from Okawaru
 10166 | Lair:2   | Found a hole to the Spider Nest.
 10166 | Lair:2   | Noticed an orb spider
 10167 | Lair:2   | 10167 ||| INVOKING Finesse.
 10173 | Lair:2   | Killed an orb spider
 10214 | Lair:2   | Found a large runed translucent door.
 10215 | Lair:2   | Found a large runed translucent door.
 10217 | Lair:2   | Noticed qw's ghost (journeyman DjHu)
 10239 | Lair:2   | Reached XP level 12. HP: 73/73 MP: 23/23
 10528 | Lair:2   | 10528 ||| UPGRADING to +1 hat.
 10533 | Lair:2   | 10533 ||| UPGRADING to +0 pair of gloves.
 10538 | Lair:2   | 10538 ||| UPGRADING to +0 helmet.
 10548 | Lair:2   | 10548 ||| DROPPING +1 hat.
 10549 | Lair:2   | 10549 ||| READING scroll of identify.
 10549 | Lair:2   | 10549 ||| IDENTIFYING murky pink potion
 10550 | Lair:2   | 10550 ||| READING scroll labelled DEIRA HUDD.
 10551 | Lair:2   | 10551 ||| DROPPING potion of lignification.
 10753 | Lair:3   | Noticed Kirke
 10754 | Lair:3   | 10754 ||| RETREEEEATING.
 10755 | Lair:3   | 10755 ||| RETREEEEATING.
 10756 | Lair:3   | 10756 ||| RETREEEEATING.
 10757 | Lair:3   | 10757 ||| INVOKING Finesse.
 10768 | Lair:3   | 10768 ||| DRINKING potion of cancellation.
 10779 | Lair:3   | Killed Kirke
 10780 | Lair:3   | 10780 ||| RETREEEEATING.
 10781 | Lair:3   | 10781 ||| RETREEEEATING.
 10782 | Lair:3   | 10782 ||| RETREEEEATING.
 10783 | Lair:3   | 10783 ||| RETREEEEATING.
 10784 | Lair:3   | 10784 ||| RETREEEEATING.
 10785 | Lair:3   | 10785 ||| INVOKING Heroism.
 10810 | Lair:3   | HP: 14/73 [yak (7)]
 10811 | Lair:3   | 10811 ||| DRINKING potion of heal wounds.
 10836 | Lair:3   | HP: 15/75 [yak (8)]
 11144 | Lair:3   | Reached skill level 9 in Fighting
 11462 | Lair:3   | Received a gift from Okawaru
 11786 | Lair:4   | Noticed a death yak
 11786 | Lair:4   | Noticed a death yak
 11786 | Lair:4   | Noticed a death yak
 11787 | Lair:4   | 11787 ||| RETREEEEATING.
 11789 | Lair:4   | 11789 ||| RETREEEEATING.
 11790 | Lair:4   | Noticed a death yak
 11791 | Lair:4   | 11791 ||| RETREEEEATING.
 11792 | Lair:4   | 11792 ||| INVOKING Finesse.
 11805 | Lair:4   | Noticed a death yak
 11806 | Lair:4   | 11806 ||| RETREEEEATING.
 11811 | Lair:4   | Killed a death yak
 11812 | Lair:4   | Reached skill level 12 in Dodging
 11821 | Lair:4   | Killed a death yak
 11826 | Lair:4   | Killed a death yak
 11828 | Lair:4   | Noticed a death yak
 11840 | Lair:4   | Killed a death yak
 11843 | Lair:4   | HP: 8/76 [death yak (15)]
 11844 | Lair:4   | 11844 ||| READING 3 scrolls of teleportation.
 11846 | Lair:4   | Killed a death yak
 11850 | Lair:4   | 11850 ||| READING 2 scrolls of teleportation.
 11851 | Lair:4   | HP: 3/77 [rime drake/icy flash freeze (7)]
 11857 | Lair:4   | Slain by a komodo dragon

Levels and vault maps discovered:
D:1:      tarquinn_simple_flora_water_c, layout_basic, serial_rivers,
          chequers_serial_rivers_micro_c, chequers_serial_rivers_micro_d,
          chequers_serial_rivers_micro_e, chequers_serial_rivers_small_3,
          serial_shops, shop, nicolae_shop_temple_entry_statues_fountains, shop,
          nicolae_shop_pleasant_corner_grove, shop
D:2:      layout_rooms, basic_altar, minmay_pentomino_o2
D:3:      minmay_angry_zag, layout_basic, nicolae_ru_sacrificial_ziggurat,
          nicolae_elevator_lobby_plus
D:4:      layout_loops_ring, nicolae_wu_jian_glorious_leap,
          minmay_temple_entry_grid, uniq_duvessa
D:5:      layout_cave_pods
D:6:      layout_basic, uniq_crazy_yiuf_cottage, uniq_sigmund, uniq_maggie
D:7:      layout_rooms, serial_shops, nicolae_shop_dealshenge,
          minmay_misc_feat_room, minmay_misc_feat_five
D:8:      layout_cave_pods, gammafunk_ghost_spectres, enter_bailey_7
D:9:      layout_cave_pools, mainiacjoe_overflow_large_starburst,
          grunt_lair_entry_orc_guard_hut, chequers_serial_rivers_micro_c,
          uniq_maurice
Temple:   bh_familiar_temple
Lair:1:   layout_cave_pods, grunt_megastairs_1, serial_bayou_shore_b,
          lemuel_fruit_fields
Lair:2:   layout_regular_city, mainiacjoe_swamp_entry_lozenge_pond,
          nicolae_spider_entry_orb_guardian, ebering_ghost_disaster_area,
          serial_bayou_shore_a, grunt_megastairs_5, serial_bayou_shore_b,
          uniq_nergalle
Lair:3:   wander_river, layout_regular_city, nicolae_lair_lindhole, uniq_kirke
Lair:4:   nzn_motion_control, layout_long_grid

Skill      XL: |  1  2  3  4  5  6  7  8  9 10 11 12 |
---------------+-------------------------------------+-----
Ranged Weapons | 6 7 8 9 10 11 13 14 15 16 | 16.0
Dodging        | 3 4 5 8 9 10 12 | 12.1
Fighting       | 2 3 5 7 9 |  9.7
Invocations    | 3 4 8 10 | 10.1
Armour         | 1 2 3 5 |  5.0
Stealth        | |  1.2

Action                     |  1- 3 |  4- 6 |  7- 9 | 10-12 || total
---------------------------+-------+-------+-------+-------++-------
   Fire: Shortbow          |    32 |       |       |       ||    32
         Sling             |    17 |    99 |   242 |    56 ||   414
         Orcbow            |       |       |       |   678 ||   678
 Invoke: Heroism           |       |       |     4 |     3 ||     7
         Finesse           |       |       |       |    10 ||    10
  Evoke: Wand              |       |     2 |       |     4 ||     6
    Use: Scroll            |     7 |     3 |     8 |    13 ||    31
         Potion            |     1 |     2 |     2 |     3 ||     8
 Armour: Leather armour    |     3 |       |       |       ||     3
         Ring mail         |     1 |    11 |    33 |   163 ||   208
  Dodge: Dodged            |     1 |     6 |    41 |   210 ||   258

Table legend:
 A = Non-vault XP
 B = Vault XP
 C = Vault XP percentage of total XP
 D = Non-vault monster count
 E = Vault monster count
 F = Vault count percentage of total count
                 A         B        C        D         E       F
            +---------+---------+-------+---------+---------+-------
      Total |   25843 |   10611 |  29.1 |     232 |      43 |  15.6
            +---------+---------+-------+---------+---------+-------
        D:1 |      11 |       0 |   0.0 |       7 |       0 |   0.0
        D:2 |      24 |       4 |  14.3 |      13 |       1 |   7.1
        D:3 |     127 |       9 |   6.6 |      20 |       5 |  20.0
        D:4 |     153 |     214 |  58.3 |      16 |       2 |  11.1
        D:5 |     462 |       0 |   0.0 |      27 |       0 |   0.0
        D:6 |    1143 |     612 |  34.9 |      17 |       2 |  10.5
        D:7 |    1864 |       0 |   0.0 |      29 |       0 |   0.0
        D:8 |     484 |      57 |  10.5 |       7 |       4 |  36.4
        D:9 |    1222 |    2012 |  62.2 |      21 |       7 |  25.0
     Lair:1 |    5408 |    1466 |  21.3 |      21 |       8 |  27.6
     Lair:2 |    3523 |    3433 |  49.4 |      15 |      10 |  40.0
     Lair:3 |    7387 |    2804 |  27.5 |      34 |       4 |  10.5
     Lair:4 |    4035 |       0 |   0.0 |       5 |       0 |   0.0
            +---------+---------+-------+---------+---------+-------
